Map: Pylon LE

Players

ShoWTimE

  • Race: Protoss Protoss
  • League: Grandmaster
  • Spawn Location: 5:00

Serral - Winner!

  • Race: Zerg Zerg
  • League: Master
  • Spawn Location: 11:00

VOD

Have the link to the VOD?

Description

Time

  • Played on: June 7, 2025, 7:39 a.m.
  • Length: 6:57
Show
View Real Time Build Order
Export as new Build Order

ShoWTimE Protoss 

Build Orders: 1 Gate Expand, Oracle Opening 

Get SALT Encoding   

  12  0:00  Probe  
  13  0:12  Probe  
  14  0:20  Pylon  
  14  0:24  Probe  
  15  0:34  Probe  
  15  0:40  Gateway  
  15  0:42  Probe  
  17  0:50  Assimilator  
  17  0:56  Probe  
  18  1:09  Probe  
  19  1:21  Probe  
  20  1:27  Nexus  
  20  1:34  Cybernetics Core  
  20  1:38  Probe  
  21  1:43  Assimilator  
  21  1:50  Probe  
  21  1:52  Pylon  
  22  2:00  Adept  
  22  2:02  Probe  
  23  2:14  Probe  
  26  2:15  Warp Gate  
  26  2:20  Adept  
  26  2:26  Probe  
  29  2:37  Probe  
  29  2:38  Probe  
  29  2:39  Stargate  
  31  2:45  Probe  
  31  2:50  Adept, Probe  
  35  2:54  Probe  
  36  3:02  Probe  
  37  3:07  Probe  
  38  3:14  Oracle  
  38  3:15  Probe  
  38  3:19  Nexus, Probe  
  38  3:27  Probe  
  40  3:31  Pylon, Probe  
  41  3:37  Gateway  
  41  3:39  Probe  
  42  3:43  Probe  
  42  3:47  Pylon  
  43  3:51  Probe  
  44  3:56  Assimilator, Probe  
  44  3:58  Assimilator  
  45  4:03  Probe  
  45  4:07  Stalker  
  45  4:08  Oracle, Probe  
  49  4:15  Probe  
  50  4:20  Probe  
  54  4:24  Pylon  
  54  4:28  Probe  
  54  4:31  Probe  
  55  4:32  Probe  
  55  4:34  Twilight Council  
  55  4:35  Forge  
  55  4:36  Probe  
  57  4:43  Adept x2, Probe  
  57  4:44  Probe  
  64  4:46  Probe  
  64  4:47  Gateway  
  65  4:54  Probe  
  65  4:55  Probe  
  65  4:56  Probe  
  65  4:57  Gateway  
  68  5:02  Probe  
  69  5:07  Probe  
  69  5:08  Probe  
  69  5:10  Gateway  
  69  5:12  Probe  
  71  5:19  Probe  
  71  5:20  Gateway, Probe  
  74  5:22  Pylon  
  74  5:25  Probe  
  75  5:29  Templar Archives  
  75  5:31  Probe  
  75  5:32  Probe  
  75  5:33  Assimilator  
  77  5:37  Assimilator, Probe  
  78  5:43  Pylon, Probe  
  78  5:44  Probe  
  78  5:45  Probe  
  78  5:48  Stalker x2  
  85  5:51  Shield Battery  
  85  5:59  Gateway  
  85  6:00  Photon Cannon, Probe  
  85  6:01  Probe x2  
  85  6:02  Gateway  
  88  6:05  Stalker x2  
  92  6:15  Robotics Facility  
  92  6:25  Pylon  
  92  6:26  Pylon  
  92  6:27  Pylon  
  92  6:31  Zealot  
  92  6:35  Stalker  
  92  6:38  Stalker x2  
  92  6:41  Stalker  
Show
View Real Time Build Order
Export as new Build Order

Serral Zerg - Winner!

Build Orders: Hatch First 

Get SALT Encoding   

  12  0:00  Drone  
  13  0:07  Drone  
  13  0:14  Drone, Extractor  
  15  0:34  Hatchery  
  14  0:38  Extractor  
  14  0:41  Drone  
  15  0:46  Overlord  
  15  1:04  Drone x3  
  18  1:12  Spawning Pool  
  18  1:15  Drone  
  18  1:17  Extractor  
  17  1:26  Drone  
  18  1:37  Drone  
  19  1:45  Drone  
  20  1:50  Drone  
  21  1:59  Queen x2  
  21  2:00  Overlord  
  25  2:04  Zergling x2  
  26  2:09  Drone  
  26  2:11  Drone  
  28  2:21  Metabolic Boost  
  29  2:22  Drone  
  29  2:23  Drone  
  30  2:30  Drone  
  30  2:35  Queen  
  33  2:45  Hatchery  
  33  2:47  Zergling x2  
  33  2:50  Overlord  
  33  2:53  Zergling x2  
  33  2:57  Zergling x2  
  35  2:59  Drone  
  36  3:06  Overlord  
  36  3:14  Drone x6  
  36  3:16  Drone  
  41  3:20  Drone  
  41  3:25  Drone  
  43  3:29  Queen  
  45  3:34  Queen  
  45  3:36  Drone  
  45  3:39  Drone  
  49  3:43  Drone  
  49  3:45  Overlord  
  49  3:47  Zergling x2  
  51  3:48  Overlord  
  51  3:51  Spore Crawler  
  51  3:54  Spore Crawler  
  49  3:56  Drone  
  49  3:58  Drone  
  49  4:02  Drone x3  
  54  4:08  Evolution Chamber, Drone x2  
  55  4:11  Drone x2  
  55  4:15  Overlord  
  57  4:18  Drone  
  57  4:19  Drone  
  60  4:24  Drone x2  
  60  4:27  Overlord  
  60  4:30  Drone x2  
  60  4:31  Drone  
  64  4:34  Zerg Melee Weapons Level 1  
  64  4:38  Baneling Nest, Extractor  
  62  4:39  Drone  
  62  4:42  Drone x3  
  62  4:44  Drone  
  67  4:47  Drone  
  67  4:48  Overlord  
  67  4:50  Drone x2  
  70  4:56  Zergling x2  
  70  4:57  Zergling x10  
  76  5:01  Spore Crawler  
  76  5:03  Queen  
  76  5:08  Drone  
  76  5:12  Overlord  
  76  5:17  Queen  
  76  5:19  Hatchery  
  76  5:20  Zergling x2  
  76  5:21  Zergling x2  
  76  5:24  Zergling x4  
  76  5:27  Zergling x6  
  82  5:32  Zergling x8  
  82  5:35  Zergling x6  
  89  5:39  Overlord  
  89  5:45  Overlord  
  89  5:49  Zergling x6  
  94  5:50  Zergling x6  
  94  5:55  Zergling x6  
  97  5:59  Zergling x8  
  97  6:03  Overlord  
  101  6:05  Baneling x8  
  101  6:09  Zergling x4  
  103  6:14  Zergling x2  
  103  6:17  Zergling x6  
  107  6:20  Zergling x4  
  109  6:28  Zergling x10  
  113  6:37  Drone x6  
  114  6:43  Drone x2  
Tags
 
Add a new tag
Caveats
  • Supply blocks, unpowered buildings, or Contaminate may cause inaccurate times.
  • Supply counts are checked every 10 seconds.